Map: [ESL] Alcyone

Players

sebesdes

  • Race: Protoss Protoss
  • League: Grandmaster
  • Spawn Location: 7:00

gumiho - Winner!

  • Race: Terran Terran
  • Spawn Location: 1:00

Event: HomeStory Cup XXV

VOD

Have the link to the VOD?

Description

Time

  • Played on: June 21, 2024, 3:08 p.m.
  • Length: 7:13

All games in this series

Show
View Real Time Build Order
Export as new Build Order

sebesdes Protoss 

Build Orders: 1 Gate Expand, Dark Templar Rush 

Get SALT Encoding   

  12  0:00  Probe  
  13  0:12  Probe  
  14  0:16  Pylon  
  14  0:24  Probe (Chrono Boost)  
  16  0:36  Probe (Chrono Boost)  
  16  0:38  Gateway  
  16  0:43  Probe (Chrono Boost)  
  16  0:45  Assimilator  
  17  0:50  Probe  
  18  1:03  Probe  
  19  1:15  Probe  
  20  1:25  Cybernetics Core  
  20  1:33  Nexus  
  20  1:35  Probe  
  21  1:45  Pylon  
  21  1:47  Probe  
  21  1:51  Assimilator  
  21  2:00  Adept (Chrono Boost), Probe  
  24  2:10  Twilight Council  
  24  2:15  Warp Gate  
  24  2:16  Probe  
  24  2:21  Adept (Chrono Boost)  
  25  2:28  Probe  
  28  2:38  Shield Battery  
  28  2:40  Probe  
  29  2:48  Stalker (Chrono Boost)  
  31  2:53  Probe  
  31  2:55  Probe  
  31  3:01  Robotics Facility  
  31  3:05  Probe  
  31  3:08  Probe  
  33  3:18  Probe, Dark Shrine  
  34  3:20  Probe  
  34  3:26  Gateway  
  35  3:30  Probe  
  36  3:39  Pylon  
  36  3:40  Gateway  
  36  3:41  Probe  
  37  3:48  Warp Prism (Chrono Boost)  
  38  3:53  Probe  
  40  3:56  Probe  
  41  4:05  Stalker  
  41  4:06  Probe  
  41  4:08  Probe  
  45  4:11  Pylon  
  45  4:18  Probe  
  45  4:20  Probe  
  33  4:38  Dark Templar x2  
  33  4:41  Probe x2  
  33  4:53  Probe x2  
  35  5:05  Probe x2  
  37  5:17  Probe x2  
  37  5:19  Dark Templar  
  34  5:29  Probe  
  34  5:30  Probe  
  36  5:42  Probe x2 (Chrono Boost)  
  38  5:54  Probe x2 (Chrono Boost)  
  40  6:01  Probe x2 (Chrono Boost)  
  40  6:08  Probe x2  
  39  6:20  Probe x2  
  39  6:24  Nexus  
  41  6:27  Dark Templar  
  41  6:32  Probe x2  
  45  6:34  Zealot x2  
  49  6:44  Probe x2  
  53  6:56  Probe x2  
  53  6:57  Zealot x2  
  53  7:01  Zealot  
  61  7:05  Pylon  
Show
View Real Time Build Order
Export as new Build Order

gumiho Terran - Winner!

Build Orders: 1/1/1, Liberator Opening 

Get SALT Encoding   

  12  0:00  SCV  
  13  0:12  SCV  
  14  0:17  Supply Depot  
  14  0:24  SCV  
  14  0:27  Refinery  
  15  0:38  SCV  
  16  0:43  Barracks  
  16  0:50  SCV  
  17  1:02  SCV  
  18  1:15  SCV  
  19  1:29  Orbital Command, Marine  
  19  1:30  Factory  
  20  1:32  Supply Depot  
  20  1:48  Reaper  
  21  1:55  SCV  
  22  2:06  Command Center  
  22  2:10  SCV  
  23  2:16  Hellion  
  26  2:25  Starport  
  26  2:26  SCV  
  26  2:31  Supply Depot  
  26  2:37  Hellion  
  26  2:42  Barracks Reactor  
  27  2:45  SCV  
  28  2:57  SCV, Refinery  
  29  2:59  Hellion  
  31  3:09  SCV  
  32  3:19  Orbital Command, Marine, Medivac  
  34  3:20  Hellion  
  34  3:23  Marine  
  34  3:27  SCV  
  39  3:39  SCV, Marine  
  39  3:41  Marine  
  41  3:42  Factory Tech Lab  
  41  3:45  SCV  
  43  3:51  SCV, Liberator  
  47  3:56  Barracks  
  47  3:57  Marine  
  47  3:59  Marine  
  50  4:03  SCV  
  50  4:05  Supply Depot  
  50  4:14  Siege Tank  
  50  4:16  Marine  
  54  4:26  Marine  
  55  4:35  Marine  
  50  4:41  SCV x2  
  50  4:44  Marine  
  53  4:46  Siege Tank  
  53  4:50  Barracks Tech Lab  
  52  4:52  Barracks  
  52  4:53  SCV x2, Barracks  
  52  4:55  Engineering Bay  
  52  4:56  Engineering Bay  
  52  4:58  Marine  
  54  5:02  Marine  
  54  5:05  SCV x2  
  55  5:18  Stimpack  
  55  5:20  Marine, Missile Turret  
  53  5:35  Medivac  
  54  5:42  Missile Turret  
  52  5:43  Marine x2  
  52  5:46  Supply Depot  
  54  6:07  Marine x3  
  54  6:08  Supply Depot  
  54  6:09  Marine  
  54  6:10  Marine  
  56  6:17  Siege Tank  
  59  6:25  Marine x2  
  59  6:27  Marine, Missile Turret  
  59  6:29  Marine  
  63  6:36  Supply Depot  
  63  6:38  Marine  
  63  6:43  Marine x2  
  63  6:45  Marine  
  66  6:55  SCV  
  66  6:58  SCV  
Tags
 
Add a new tag
Caveats
  • Supply blocks, unpowered buildings, or Contaminate may cause inaccurate times.
  • Supply counts are checked every 10 seconds.